 Dungeon Crawl Stone Soup version 0.17.1-2-g5865329 (webtiles) character file.

91 CcS the Cudgeler (level 4, 0/35 HPs)
             Began as a Human Berserker on Jan 30, 2016.
             Was a Believer of Trog.
             Killed from afar by Natasha (4 damage)
             ... with a magic dart
             ... on level 2 of the Dungeon.
             The game lasted 00:03:39 (1192 turns).

CcS the Cudgeler (Human Berserker)                  Turns: 1192, Time: 00:03:39

Health: 0/35       AC:  8    Str: 22    XL:     4   Next: 87%
Magic:  4/4        EV:  8    Int: 12    God:    Trog [**....]
Gold:   50         SH:  0    Dex: 14    Spells: 0 memorised, 3 levels left

rFire  + . .     SeeInvis .     a - +0 mace
rCold  . . .     Clarity  .     l - +0 chain mail
rNeg   . . .     SustAt   +     (no shield)
rPois  .         Gourm    .     (no helmet)
rElec  .         Spirit   .     (no cloak)
rCorr  .         Warding  .     (no gloves)
rMut   .         Stasis   .     (no boots)
MR     ++...                    (no amulet)
Stlth  ..........               n - ring of sustain attributes
                                h - ring of protection from fire {rF+, !d}

@: mighty, brilliant, lethally poisoned (0 -> -1), exhausted, regenerating,
slowed, very slow, very resistant to hostile enchantments, extremely unstealthy
A: no striking features
a: Berserk, Trog's Hand, Burn Spellbooks, Renounce Religion


You were on level 2 of the Dungeon.
You worshipped Trog.
Trog was pleased with you.
You were very hungry.

You visited 1 branch of the dungeon, and saw 2 of its levels.

You collected 50 gold pieces.

Inventory:

Hand Weapons
 a - a +0 mace (weapon)
Armour
 l - a +0 chain mail (worn)
   (You found it on level 2 of the Dungeon)
Jewellery
 h - a ring of protection from fire (left hand) {rF+, !d}
   (You found it on level 1 of the Dungeon)
 n - a ring of sustain attributes (right hand)
   (You found it on level 2 of the Dungeon)
Scrolls
 f - a scroll of random uselessness {unknown}
 g - a scroll of enchant weapon {unknown}
 i - 2 scrolls of identify {unknown}
 j - 2 scrolls of recharging {unknown}
 k - a scroll of immolation {unknown}
 p - a scroll of fear {unknown}
Potions
 e - a potion of might
Comestibles
 b - a meat ration {@e2}
 c - a bread ration {@e1}


   Skills:
 - Level 3.0 Fighting
 + Level 5.2 Maces & Flails
 - Level 2.0 Armour
 - Level 2.0 Dodging


You had 3 spell levels left.
You didn't know any spells.

Dungeon Overview and Level Annotations

Branches:
Dungeon (2/15)

Altars:
Xom

Annotations:
D:2 Natasha


Message History

The goblin hits you but does no damage. Robin closely misses you.
You take 3 damage, and have 9/35 hp.
* * * LOW HITPOINT WARNING * * *
You feel very sick. The goblin barely misses you.
The goblin hits you but does no damage.
Robin roars a battlecry!
The goblin goes into a battle-frenzy!
The hobgoblin hits you but does no damage.
The goblin hits you but does no damage.
You take 2 damage, and have 7/35 hp.
Unknown command.
Drink which item? (? for menu, Esc to quit)
It was a potion of might.
You feel very mighty all of a sudden.
You feel the effects of Trog's Hand fading.
* * * LOW HITPOINT WARNING * * *
You feel very sick. The goblin hits you but does no damage.
The hobgoblin hits you with a club.
* * * LOW HITPOINT WARNING * * *
The goblin hits you but does no damage. The goblin closely misses you.
You take 4 damage, and have 3/35 hp.
Read which item? (? for menu, Esc to quit)
Okay, then.
Drink which item? (? for menu, Esc to quit)
It was a potion of heal wounds.
You feel much better.
You feel very sick. Robin throws the goblin at you!
The goblin barely misses you.
The hobgoblin hits you but does no damage.
The goblin closely misses you.
You regained 29 hp, and now have 32/35 hp.
You closely miss Robin.
You feel very sick. The hobgoblin barely misses you.
The goblin hits you but does no damage. The goblin hits you but does no damage.
Robin throws the goblin at you! The goblin barely misses you.
Robin throws the goblin at you! The goblin hits you but does no damage.
The hobgoblin hits you with a club.
You take 9 damage, and have 23/35 hp.
MASSIVE DAMAGE!!
You feel very sick. Robin throws the goblin at you!
The goblin hits you but does no damage.
You take 1 damage, and have 22/35 hp.
Unknown command.
You closely miss the goblin.
Your skin stops crawling.
You feel less resistant to hostile enchantments.
You feel very sick. The goblin closely misses you.
The hobgoblin hits you but does no damage.
The goblin closely misses you. The goblin hits you but does no damage.
Robin hits you but does no damage.
You are lethally poisoned!
The hobgoblin hits you with a club. The hobgoblin misses you.
You take 4 damage, and have 18/35 hp.
You bludgeon the goblin!!
You kill the goblin!
Trog accepts your kill.
You feel very sick. The goblin hits you with a dagger.
Robin throws the goblin at you!
The hobgoblin hits you but does no damage.
The hobgoblin hits you with a club. The goblin hits you but does no damage.
You take 7 damage, and have 11/35 hp.
Unknown command.
You sock Robin!
You kill Robin!
Trog accepts your kill.
* * * LOW HITPOINT WARNING * * *
You feel very sick. The hobgoblin closely misses you.
The hobgoblin barely misses you. The goblin closely misses you.
The hobgoblin barely misses you.
You take 2 damage, and have 9/35 hp.
Unknown command.
* * * LOW HITPOINT WARNING * * *
You feel very sick.
The hobgoblin hits you but does no damage.
The goblin barely misses you.
You take 3 damage, and have 6/35 hp.
Unknown command.
Drink which item? (? for menu, Esc to quit)
It was a potion of brilliance.
You feel clever all of a sudden.
* * * LOW HITPOINT WARNING * * *
You feel sick. The hobgoblin barely misses you.
The hobgoblin barely misses you. The goblin hits you but does no damage.
You take 2 damage, and have 4/35 hp.
Your skin crawls.
You feel resistant to hostile enchantments.
You feel slightly more hungry.
You feel sick. The hobgoblin closely misses you.
The hobgoblin barely misses you. The goblin closely misses you.
The goblin hits you but does no damage.
You feel sick. The hobgoblin barely misses you.
You take 1 damage, and have 3/35 hp.
Unknown command.
You feel sick.
Unknown command.
Natasha, Servant of Life and Death comes into view.
You feel sick.
Natasha hisses angrily.
Natasha casts a spell at you. The magic dart hits you!
You die...

#######.#.##....#.............#
##........[.........h........#
#..........#####.............#
##..........# #....#..........#
#...........# #........#......#
#.#.........# #..)..##.....####
..#.........# #.....####.#..#
###.........# #......# #..#.#
....######### #.@....# .....#
.#### #######gg##.###....## ...
..................... ###
#.....g#.##.....#(.##
######..).#รท.##....#
###..)...###.... ##)).##..# ...
#.).###...^. .. #..#)# ##.###.
.


You could see Natasha, 2 hobgoblins and a goblin.

Vanquished Creatures
  Natasha (D:2)
  Robin (D:2)
  A gnoll (D:1)
  An ooze (D:1)
  2 ball pythons (D:1)
  3 bats
  4 hobgoblins
  6 jackals
  5 giant newts (D:1)
  7 goblins
  7 kobolds
  7 rats
45 creatures vanquished.

Notes
Turn   | Place    | Note
--------------------------------------------------------------
     0 | D:1      | CcS the Human Berserker began the quest for the Orb.
     0 | D:1      | Reached XP level 1. HP: 18/18 MP: 1/1
    90 | D:1      | Found a shimmering altar of Xom.
   146 | D:1      | Reached XP level 2. HP: 22/24 MP: 2/2
   351 | D:1      | Reached skill level 4 in Maces & Flails
   351 | D:1      | Reached XP level 3. HP: 18/29 MP: 3/3
   373 | D:1      | Reached ** piety under Trog
  1036 | D:2      | Noticed Natasha
  1041 | D:2      | Killed Natasha
  1041 | D:2      | Reached XP level 4. HP: 35/35 MP: 4/4
  1149 | D:2      | Noticed Robin
  1154 | D:2      | Reached skill level 5 in Maces & Flails
  1179 | D:2      | HP: 7/35 [poisoned by Robin]
  1180 | D:2      | HP: 3/35 [hobgoblin/club[Robin] (2)]
  1186 | D:2      | Killed Robin
  1187 | D:2      | HP: 6/35 [poisoned by Robin]
  1192 | D:2      | Noticed Natasha
  1192 | D:2      | HP: 4/35 [poisoned by Robin]
  1192 | D:2      | Killed from afar by Natasha

Action                   |  1- 3 |  4- 6 || total
-------------------------+-------+-------++-------
Melee: Mace              |    96 |    39 ||   135
Invok: Berserk           |     2 |     1 ||     3
       Trog's Hand       |       |     2 ||     2
  Use: Potion            |       |     3 ||     3
 Stab: Sleeping          |     2 |       ||     2
  Eat: Chunk             |     2 |     1 ||     3

Vault maps used:
D:1:      co_arrival_hall_of_pillars, minivault_25, minmay_misc_feat_square,
          hangedman_decor_push, xom_teletrap_fun
D:2:      first_bread, uniq_robin, uniq_natasha

Table legend:
 A = Turns spent in this place as a percentage of turns spent in the entire game.
 B = Non-inter-level travel turns spent in this place as a percentage of non-inter-level travel turns spent in the entire game.
 C = Inter-level travel turns spent in this place as a percentage of turns spent in this place.
 D = Turns resting spent in this place as a percentage of non-inter-level travel turns spent in this place.
 E = Turns spent auto-exploring this place as a percentage of non-inter-level travel turns spent in this place.
 F = Non-inter-level travel turns spent in this place divided by the number of levels of this place that you've seen.
                   A       B       C       D       E      F
               +-------+-------+-------+-------+-------+----------------------
         Total | 100.0 | 100.0 |   1.0 |   1.7 |  12.0 | 257.5
       Dungeon | 100.0 | 100.0 |   1.0 |   1.7 |  12.0 | 257.5
               +-------+-------+-------+-------+-------+----------------------

Table legend:
 A = Kills in this place as a percentage of kills in entire the game.
 B = Kills by you in this place as a percentage of kills by you in the entire game.
 C = Kills by friends in this place as a percentage of kills by friends in the entire game.
 D = Other kills in this place as a percentage of other kills in the entire game.
 E = Experience gained in this place as a percentage of experience gained in the entire game.
 F = Experience gained in this place divided by the number of levels of this place that you have seen.
                   A       B       C       D       E      F
               +-------+-------+-------+-------+-------+----------------------
         Total | 100.0 | 100.0 |  -nan |  -nan | 100.0 |  65.0
       Dungeon | 100.0 | 100.0 |  -nan |  -nan | 100.0 |  65.0
               +-------+-------+-------+-------+-------+----------------------
